 Dungeon Crawl Stone Soup version 0.27.1-1-g398f81649c (webtiles) character file.

Game seed: 15637308780270545776

253 cummra the Digger (level 6, -3/32 HPs)
             Began as a Gargoyle Earth Elementalist on Sept 20, 2021.
             Slain by a wyvern zombie (5 damage)
             ... on level 5 of the Dungeon.
             The game lasted 00:13:11 (4068 turns).

cummra the Digger (Gargoyle Earth Elementalist)     Turns: 4068, Time: 00:13:12

Health: -3/32      AC:  8    Str: 11    XL:     6   Next: 14%
Magic:  12/12      EV: 11    Int: 18    God:
Gold:   140        SH:  0    Dex: 10    Spells: 12/13 levels left

rFire    . . .     SeeInvis .   e - staff of earth
rCold    . . .     Faith    .   (no shield)
rNeg     + . .     Spirit   .   b - +0 robe
rPois    ∞         Reflect  .   (no helmet)
rElec    +         Harm     .   (no cloak)
rCorr    .         Rampage  .   (no gloves)
Will     .....                  k - +1 pair of boots
Stlth    ++........             (no amulet)
HPRegen  0.10/turn              (no ring)
MPRegen  0.13/turn              (no ring)

@: mighty
A: sickness immunity, AC +4, negative energy resistance 1, electricity
resistance, torment resistance 1, petrification resistance
a: no special abilities


You were on level 5 of the Dungeon.
You visited 1 branch of the dungeon, and saw 4 of its levels.

You collected 140 gold pieces.

Inventory:

Missiles
 c - 53 stones
Armour
 b - a +0 robe (worn)
 k - a +1 pair of boots (worn)
Magical Staves
 e - a staff of earth (weapon)
Wands
 l - a wand of acid (12)
Scrolls
 j - a scroll of identify
Potions
 d - a potion of curing {unknown}
 f - a potion of heal wounds {unknown}


   Skills:
 - Level 1.5 Dodging
 - Level 2.1 Stealth
 + Level 4.2 Spellcasting
 - Level 0.7 Transmutations
 + Level 6.2 Earth Magic


You had 12 spell levels left.
You knew the following spells:

 Your Spells              Type           Power      Damage    Failure   Level
a - Sandblast             Erth           78%        2d17      1%          1

Your spell library contained the following spells:

 Spells                   Type           Power      Damage    Failure   Level
 Passwall                 Tmut/Erth      20%        N/A       5%          2
 Stone Arrow              Conj/Erth      44%        3d9       12%         3
 Petrify                  Tmut/Erth      24%        N/A       34%         4


Dungeon Overview and Level Annotations

Branches:
Dungeon (3/15)

Altars:
Gozag

Shops:
D:5 *

Annotations:
D:3 1 runed translucent door
D:5 Blork the orc, Dowan, Duvessa


Innate Abilities, Weirdness & Mutations

You are immune to sickness and miasma.
Your stone body is resilient. (AC +4)
You are immune to poison.
You resist negative energy. (rN+)
You are resistant to electric shocks. (rElec)
You are resistant to unholy torment.
You are immune to petrification.


Message History

Blork the orc gestures at you while chanting.
The puff of flame hits you.
Found a scroll labelled OXATAI BU PIL.
Blork the orc mumbles some strange words.
Blork the orc seems to speed up.
Blork the orc looks satisfied for a moment.
Blork the orc looks satisfied for a moment.
The wyvern zombie closely misses you. The wyvern zombie bites you.
The wyvern zombie closely misses you. The wyvern zombie misses you.
The wyvern zombie misses you. The wyvern zombie bites you.
The wyvern zombie bites you but does no damage.
The wyvern zombie bites you.
Blork the orc begins to cast a cantrip, but forgets the words!
Blork the orc screams, "I'll decorate my home with your organs!"
The wyvern zombie bites you. The wyvern zombie closely misses you.
The wyvern zombie misses you.
Blork the orc miscasts a cantrip.
The wyvern zombie bites you but does no damage.
Blork the orc looks angry.
The wyvern zombie bites you.
Blork the orc screams, "I'm much stronger than you!"
The wyvern zombie misses you.
Blork the orc sings a few bars from the Orcish anthem.
Blork the orc begins to cast a cantrip, but forgets the words!
The wyvern zombie closely misses you.
Blork the orc casts a spell.
Blork the orc seems to speed up.
The wyvern zombie closely misses you.
The wyvern zombie bites you but does no damage.
Blork the orc looks satisfied for a moment.
The wyvern zombie barely misses you.
Found a leather armour.
The wyvern zombie bites you!
* * * LOW HITPOINT WARNING * * *
You feel very mighty all of a sudden. The wyvern zombie bites you.
You die... #. #. #. #. #[ #. #.################# #.@Zho...h......... ###################

You could see Blork the orc (fast), 2 black bears and a wyvern zombie.

Vanquished Creatures
  A scorpion (D:5)
  2 hounds
  An iguana (D:5)
  A killer bee zombie (D:5)
  3 adders
  2 dart slugs
  A worm (D:2)
  2 orcs
  2 endoplasms
  3 giant cockroaches
  4 goblins
  2 hobgoblins (D:1)
  3 quokkas
  10 ball pythons
  8 bats
  2 frilled lizards (D:2)
  4 kobolds
  A rat (D:2)
52 creatures vanquished.

Vanquished Creatures (others)
  5 plants (D:2)
5 creatures vanquished.

Grand Total: 57 creatures vanquished

Notes
Turn   | Place    | Note
-------+----------+-------------------------------------------
     0 | D:1      | cummra the Gargoyle Earth Elementalist began the quest for
                  | the Orb.
     0 | D:1      | Reached XP level 1. HP: 10/10 MP: 3/3
   372 | D:1      | Reached XP level 2. HP: 10/15 MP: 1/5
   373 | D:1      | Reached skill level 4 in Earth Magic
  1110 | D:1      | Found a faded altar of an unknown god.
  1455 | D:2      | Reached XP level 3. HP: 19/19 MP: 5/7
  2578 | D:2      | Reached XP level 4. HP: 24/24 MP: 6/8
  3066 | D:3      | Reached skill level 5 in Earth Magic
  3276 | D:3      | Found a runed translucent door.
  3451 | D:3      | You fall into a shaft and drop 2 floors!
  3451 | D:5      | Entered Level 5 of the Dungeon
  3451 | D:5      | Noticed a scorpion
  3457 | D:5      | Noticed Dowan
  3461 | D:5      | Reached XP level 5. HP: 27/28 MP: 7/10
  3518 | D:5      | Identified a scroll of acquirement
  3518 | D:5      | Acquired a staff of earth
  3563 | D:5      | Noticed a black bear
  3575 | D:5      | Noticed a black bear
  3596 | D:5      | Reached skill level 6 in Earth Magic
  3596 | D:5      | Reached XP level 6. HP: 10/32 MP: 8/12
  3838 | D:5      | Noticed Blork the orc
  3860 | D:5      | Found an opulent altar of Gozag.
  3860 | D:5      | Found Gozag's Platinum Reserve.
  3874 | D:5      | Noticed Duvessa
  3915 | D:5      | Noticed a black bear
  3940 | D:5      | Noticed a necrophage
  4068 | D:5      | Slain by a wyvern zombie

Illustrated notes

Levels and vault maps discovered:
D:1:      nzn_arrival_crosshair, layout_basic,
          ebering_ecumenical_altar_petrified, roderic_st_hans_cross
D:2:      layout_loops_ring, serial_co_window_serial, co_window_paths_b,
          co_window_paths_a, co_window_paths_b, co_window_corner_a,
          co_window_paths_b, co_window_unsneaky_path_b, co_window_corner_b,
          co_window_broadway_a, co_window_broadway_c, co_window_paths_c,
          co_window_unsneaky_path_e, co_window_paths_e, co_window_4corner_b,
          glass_columns_b, glass_columns_a, minmay_misc_feat_x,
          guppyfry_early_lair_pool
D:3:      layout_basic, mainiacjoe_overflow_small_starburst,
          ebering_ghost_inner_flame
D:5:      layout_basic, nicolae_gozag_zags_fifth_avenue, kennysheep_little_box,
          kennysheep_generic_room_15, uniq_duvessa, uniq_blork_the_orc

Skill      XL: |  1  2  3  4  5 |
---------------+----------------+-----
Earth Magic    | 4 5 6 |  6.2
Spellcasting   | 3 4 |  4.2
Dodging        | |  1.5
Stealth        | |  2.1
Transmutations | |  0.7

Action                   |  1- 3 |  4- 6 || total
-------------------------+-------+-------++-------
Melee: Unarmed           |    62 |       ||    62
       Whip              |    56 |    30 ||    86
       Staff             |       |     8 ||     8
 Cast: Sandblast         |    28 |    22 ||    50
  Use: Scroll            |     1 |     4 ||     5
       Potion            |       |     1 ||     1
 Stab: Sleeping          |     4 |     1 ||     5
Armor: Robe              |    64 |    26 ||    90
Dodge: Dodged            |    90 |    44 ||   134
